 Dungeon Crawl Stone Soup version 0.20.0-14-g326068f (webtiles) character file.

133 grindst0ne the Skirmisher (level 5, -1/34 HPs)
             Began as a Gargoyle Berserker on June 8, 2017.
             Was a Priest of Trog.
             Slain by Grinder (2 damage)
             ... while paralysed by Grinder
             ... on level 3 of the Dungeon.
             The game lasted 00:04:29 (2374 turns).

grindst0ne the Skirmisher (Gargoyle Berserker)      Turns: 2374, Time: 00:04:30

Health: -1/34      AC: 11    Str: 20    XL:     5   Next: 16%
Magic:  5/5        EV:  2    Int:  8    God:    Trog [***...]
Gold:   139        SH:  0    Dex: 10    Spells: 4/4 levels left

rFire    . . .     SeeInvis .   a - +0 hand axe
rCold    . . .     Gourm    .   (no shield)
rNeg     + . .     Faith    .   g - +0 scale mail
rPois    ∞         Spirit   .   (no helmet)
rElec    +         Reflect  .   (no cloak)
rCorr    .         Harm     .   (no gloves)
MR       .....                  (no boots)
Stlth    ..........             (no amulet)
Regen    0.2/turn               (no ring)
MPRegen  0.1/turn               (no ring)

@: paralysed, berserk cooldown, slowed
A: negative energy resistance 1, electricity resistance, unbreathing,
petrification resistance, rot immunity, AC +4
a: Berserk, Trog's Hand, Burn Spellbooks, Renounce Religion


You were on level 3 of the Dungeon.
You worshipped Trog.
Trog was most pleased with you.
You were very hungry.

You visited 1 branch of the dungeon, and saw 3 of its levels.

You collected 139 gold pieces.

Inventory:

Hand Weapons
 a - a +0 hand axe (weapon)
Armour
 b - a +0 animal skin
 g - a +0 scale mail (worn)
Scrolls
 d - 7 scrolls of identify {unknown}
 h - a scroll of random uselessness {unknown}
 j - 2 scrolls of remove curse {unknown}
 k - a scroll of enchant armour {unknown}
 l - a scroll of fear {unknown}
 n - a scroll of recharging {unknown}
 o - a scroll of fog {unknown}
Potions
 e - a potion of degeneration {unknown}
 f - a potion of lignification {unknown}
 m - 2 potions of curing {unknown}
 q - a potion of might {unknown}
 r - a potion of brilliance {unknown}
Comestibles
 c - 2 bread rations
 i - 5 chunks of flesh
 p - a meat ration
 s - a fruit


   Skills:
 + Level 4.3 Fighting
 + Level 3.6 Axes
 + Level 3.8 Armour
 - Level 1.5 Dodging


You had 4 spell levels left.
You didn't know any spells.

Dungeon Overview and Level Annotations

Branches:
Dungeon (3/15)

Altars:
Ashenzari
Dithmenos
Gozag
Okawaru
Zin

Annotations:
D:3 Grinder


Innate Abilities, Weirdness & Mutations

You are resistant to torment.
Your stone body is resilient. (AC +4)
You are immune to poison.
You resist negative energy. (rN+)
You are resistant to electric shocks. (rElec)
You can survive without breathing.
You are immune to petrification.
You are immune to rotting.


Message History

Grinder blinks!
Grinder blinks!
There is a large open door here.
Grinder gestures at you. Pain shoots through your body!
* * * LOW HITPOINT WARNING * * *
Grinder blinks!
You slash Grinder!
Grinder is almost dead.
Grinder hits you but does no damage. Grinder hits you.
* * * LOW HITPOINT WARNING * * *
You barely miss Grinder.
Grinder is almost dead.
Grinder blinks!
Grinder gestures at you.
You suddenly lose the ability to move!
Grinder hits you.
* * * LOW HITPOINT WARNING * * *
You writhe in agony.
You die...

_..#......#.._#.##########
#............##.#.........
#...#..5.#...#..#.########
#..........#####.#...#
#...#..#...#.###.#.#.#
#........##.....#.#.#
#_......_#..#####.#.#
####''####.## #.#.#
#...5@...# #.#.#
#.....#### #.#.# #.....#
#.#.# ##....# #.#.####
###### #.#..... #.######
#.##.... #.##.### #.##.#


You could see Grinder.

Vanquished Creatures
  Robin (D:3)
  3 adders
  An ooze (D:1)
  A worm (D:3)
  2 dart slugs
  A leopard gecko (D:1)
  An orc (D:3)
  A ball python (D:1)
  13 bats
  3 giant cockroaches
  8 goblins
  16 hobgoblins
  5 jackals (D:1)
  2 frilled lizards (D:1)
  9 kobolds
  8 rats
75 creatures vanquished.

Notes
Turn   | Place    | Note
-------+----------+-------------------------------------------
     0 | D:1      | grindst0ne the Gargoyle Berserker began the quest for the Orb.
     0 | D:1      | Reached XP level 1. HP: 14/14 MP: 1/1
    36 | D:1      | Reached XP level 2. HP: 8/19 MP: 2/2
   628 | D:1      | Reached ** piety under Trog
   628 | D:1      | Reached XP level 3. HP: 20/23 MP: 3/3
  1305 | D:2      | Reached skill level 4 in Fighting
  1305 | D:2      | Reached XP level 4. HP: 29/29 MP: 4/4
  1438 | D:2      | Found a shadowy altar of Dithmenos.
  1675 | D:3      | Noticed Robin
  1693 | D:3      | Killed Robin
  1901 | D:3      | Reached *** piety under Trog
  2074 | D:3      | Reached XP level 5. HP: 33/33 MP: 5/5
  2335 | D:3      | Found a shattered altar of Ashenzari.
  2336 | D:3      | Noticed Grinder
  2339 | D:3      | Paralysed by Grinder for 6 turns
  2355 | D:3      | Found an opulent altar of Gozag.
  2355 | D:3      | Found an iron altar of Okawaru.
  2355 | D:3      | Found a glowing silver altar of Zin.
  2371 | D:3      | Paralysed by Grinder for 5 turns
  2374 | D:3      | HP: 1/34 [Grinder (3)]
  2374 | D:3      | Slain by Grinder

Skill      XL: |  1  2  3 |
---------------+----------+-----
Axes           | 3 |  3.6
Armour         | 3 |  3.8
Fighting       | 4 |  4.3
Dodging        | |  1.5

Action                   |  1- 3 |  4- 6 || total
-------------------------+-------+-------++-------
Melee: Hand axe          |   157 |   111 ||   268
Invok: Berserk           |     1 |     2 ||     3
  Eat: Chunk             |     3 |     4 ||     7
Armor: Animal skin       |    22 |       ||    22
       Scale mail        |    89 |    50 ||   139
Dodge: Dodged            |   133 |    56 ||   189
